 Dungeon Crawl Stone Soup version 0.28-a0-1545-g945cd3f27e (webtiles) character file.

Game seed: 3676129476326896088

44 Nattfarinn the Chopper (level 3, -20/46 HPs)
             Began as a Hill Orc Fighter on Jan 18, 2022.
             Killed by an exploding orc priest (26 damage)
             ... ignited by their inner flame
             ... on level 3 of the Dungeon.
             The game lasted 00:03:04 (1557 turns).

Nattfarinn the Chopper (Hill Orc Fighter)           Turns: 1557, Time: 00:03:05

Health: -20/46     AC: 21    Str: 20    XL:     3   Next: 62%
Magic:  3/3        EV:  2    Int:  8    God:
Gold:   25         SH:  4    Dex: 10    Spells: 2/2 levels left

rFire   . . .      SeeInvis .   m - +2 short sword (vamp)
rCold   . . .      Faith    .   c - +0 buckler
rNeg    . . .      Spirit   .   (armour currently unavailable)
rPois   +          Reflect  .   (helmet currently unavailable)
rElec   .          Harm     .   (cloak currently unavailable)
rCorr   .          Rampage  .   (gloves currently unavailable)
Will    .....      NoTele   +   (boots currently unavailable)
Stlth   +.........              (no amulet)
HPRegen 0.15/turn               (no ring)
MPRegen 0.08/turn               (no ring)

@: brilliant, tree-form, very slow
A: stationary, stasis, torment immunity, boosted hp
a: no special abilities


You were on level 3 of the Dungeon.
You were a tree.
You visited 1 branch of the dungeon, and saw 3 of its levels.

You collected 25 gold pieces.

Inventory:

Hand Weapons
 a - a +0 war axe
 m - a +2 vampiric short sword (weapon)
Armour
 b - a +0 scale mail (melded)
 c - a +0 buckler (worn)
 f - a +1 helmet (melded)
Potions
 d - a potion of might
 g - 2 potions of ambrosia


   Skills:
 - Level 3.6 Fighting
 * Level 4.5 Axes
 - Level 3.2 Armour
 + Level 1.2 Dodging
 - Level 3.2 Shields


You had 2 spell levels left.
You didn't know any spells.
Your spell library was empty.

Dungeon Overview and Level Annotations

Branches:
Dungeon (3/15)

Altars:

Shops:
D:2 !

Portals:
Sewer: D:3


Message History

The orc priest hits you but does no damage.
The orc priest threatens, "By the altar or by the axe, you will meet Beogh!"
As you read the scroll labelled JUNOOBI CIBE, it crumbles to dust.
It is a scroll of enchant armour.
Your +0 helmet glows green for a moment.
The adder bites you but does no damage. The rat barely misses you.
The orc wizard casts a spell at you.
The magic dart hits you but does no damage.
The orc priest hits you but does no damage.
As you read the scroll labelled ARUCON OJYPH, it crumbles to dust.
The creatures around you are filled with an inner flame!
It was a scroll of immolation.
The adder bites you but does no damage. The rat bites you but does no damage.
The orc wizard hits you but does no damage.
You hear a shout!
You block the adder's attack.
The orc priest hits you with a +0 hand axe.
Unknown command.
Unknown command.
You closely miss the orc wizard. The rat bites you but does no damage.
The orc wizard hits you but does no damage.
The adder bites you but does no damage. The orc priest barely misses you.
The rat bites you but does no damage.
The orc priest shouts, "Beogh is our master!
Accept the truth or die!"
You puncture the orc wizard!
Flame seeps out of the orc wizard.
The orc wizard is heavily wounded.
The adder bites you.
* * * LOW HITPOINT WARNING * * *
The orc wizard is engulfed in blazing flames.
The orc wizard explodes!
The fiery explosion engulfs the rat!!!
The fiery explosion engulfs the orc priest!!!
The fiery explosion engulfs you.
* * * LOW HITPOINT WARNING * * *
The fiery explosion engulfs the rat!!
The fiery explosion engulfs the orc priest!!!
The orc priest explodes!
The fiery explosion engulfs the orc!!
The fiery explosion engulfs you!!
Ouch! That really hurt!
You die...

,,,,,,***+**,* #.......#
,,,,*,,,.,,,,*****#.....?.####*
***,*,,,..,,>,,,,,+.†.........#*
*,*,,,...,,*****#.....).###..*
*,,,,,....,* #.......# **,*
*,,,,,.....##########'######,**
*,,,,,.......K...............,,
*,*,,,......§.##############.,*
***,*,,,......§○♣S≈≈≈≈≈∩≈* **,,
,,,,,,,,......§§########** *,,
***,****#+#...§§.,,,,,,,* **,
*,* *,#....S.,,,,,,,* *, *,*
*,#.......,,,,,,********,
*,*****,#.......*****,,,,,,,,,,
*,,,,,,,#.......# ********,,,
********#.....,,* *,,,,,,
******,,,,,,,* **,,,,,,


You could see an adder (inner flame), a ball python (inner flame) and a kobold
(berserk, inner flame).

Vanquished Creatures
  2 orc priests (D:3)
  An orc wizard (D:3)
  3 worms (D:2)
  An orc (D:3)
  3 bats
  An endoplasm (D:2)
  A giant cockroach (D:2)
  3 goblins
  A hobgoblin (D:1)
  3 jackals (D:2)
  2 quokkas (D:2)
  5 ball pythons
  8 frilled lizards
  4 kobolds
  6 rats
44 creatures vanquished.

Vanquished Creatures (others)
  2 demonic plants (D:1)
2 creatures vanquished.

Grand Total: 46 creatures vanquished

Notes
Turn   | Place    | Note
-------+----------+-------------------------------------------
     0 | D:1      | Nattfarinn the Hill Orc Fighter began the quest for the
                  | Orb.
     0 | D:1      | Reached XP level 1. HP: 19/19 MP: 1/1
   119 | D:1      | Reached skill level 3 in Axes
   303 | D:1      | Reached XP level 2. HP: 26/26 MP: 2/2
   480 | D:1      | Found a faded altar of an unknown god.
   480 | D:1      | Noticed an orange demon
   850 | D:2      | Reached skill level 4 in Axes
   850 | D:2      | Reached skill level 1 in Dodging
   898 | D:2      | Reached XP level 3. HP: 31/31 MP: 3/3
   988 | D:2      | Found Reol's Distillery.
  1537 | D:3      | Found a glowing drain.
  1557 | D:3      | Killed by an exploding orc priest... ignited by their inner
                  | flame

Illustrated notes

Levels and vault maps discovered:
D:1:      onia_arrival_mini_spirals, layout_loops_ring,
          dreamdust_ecumenical_altar_sealed_demon
D:2:      layout_basic, serial_shops, nicolae_shop_stone
D:3:      layout_basic, mainiacjoe_overflow_small_starburst,
          portal_sewer_entry_d

Skill      XL: |  1  2 |
---------------+-------+-----
Axes           | 3 4 |  4.5
Dodging        | 1 |  1.2
Fighting       | |  3.6
Armour         | |  3.2
Shields        | |  3.2

Action                   || total
-------------------------++-------
Melee: War axe           ||    66
       Short sword       ||    89
  Use: Potion            ||     5
       Scroll            ||     4
Armor: Scale mail        ||   101
       Skin              ||    32
Dodge: Dodged            ||    94
Block: Buckler           ||    46

Table legend: (Time is in decaauts)
 A = Elapsed time spent in this place.
 B = Non-inter-level travel time spent in this place.
 C = Inter-level travel time spent in this place.
 D = Time resting spent in this place.
 E = Time spent auto-exploring this place.
 F = Levels seen in this place.
 G = Mean time per level.
                   A        B        C        D        E       F      G
               +--------+--------+--------+--------+--------+-----+--------+
         Total |   1593 |   1486 |    107 |      0 |   1135 |   3 |  531.0 |
       Dungeon |   1593 |   1486 |    107 |      0 |   1135 |   3 |  531.0 |
               +--------+--------+--------+--------+--------+-----+--------+

Top non-repeatable levels by time:
     D:1: 796 daAuts
     D:2: 754 daAuts
     D:3: 42 daAuts
